PBL
ROSWELL INVADERS @ PORTLAND ANGELS
09/06/2047
 
TOP OF THE 1ST
Roswell Invaders batting - Pitching for Portland Angels : LHP Jon Ray
Pitching: LHP Jon Ray
Batting: LHB Angelo Lira 0-0: Ball
1-0: Bunt for hit to 23 - play at first, batter OUT! 3-4
Batting: LHB Falco van Koeveringe 0-0: Ball
1-0: Foul Ball, location: 2F
1-1: Ground out 1-3 (Groundball, 13S, EV 61.9 MPH)
Batting: LHB Ivan Cortez 0-0: Swinging Strike
0-1: Foul Ball, location: 2F
0-2: Fly out, F8 (Flyball, 78M, EV 90.0 MPH)
Top of the 1st over - 0 runs, 0 hits, 0 errors, 0 left on base; Roswell 0 - Portland 0
BOTTOM OF THE 1ST
Portland Angels batting - Pitching for Roswell Invaders : RHP Toshihiro Nagao
Pitching: RHP Toshihiro Nagao
Batting: RHB Fernando Sosa 0-0: Ball
1-0: Foul Ball, location: 2F
1-1: Ball
2-1: Ball
3-1: Base on Balls
Batting: RHB Dan Contreras 0-0: Called Strike
0-1: Grounds into double play, 4-6-3 (Groundball, 4, EV 102.5 MPH)
Batting: LHB Ramon Garduno 0-0: Ball
1-0: Ball
2-0: Called Strike
2-1: Ball
3-1: Base on Balls
Batting: RHB Alex Rosaly 0-0: Ball
1-0: Foul Ball, location: 2F
1-1: Foul Ball, location: 2F
1-2: Strikes out swinging
Bottom of the 1st over - 0 runs, 0 hits, 0 errors, 1 left on base; Roswell 0 - Portland 0
TOP OF THE 2ND
Roswell Invaders batting - Pitching for Portland Angels : LHP Jon Ray
Batting: RHB Homer Petropoulos 0-0: Foul Ball, location: 2F
0-1: Ball
1-1: Ball
2-1: Ground out 5-3 (Groundball, 56, EV 82.5 MPH)
Batting: RHB Hidemitsu Matsuno 0-0: Called Strike
0-1: Ball
1-1: SOLO HOME RUN (Flyball, 9D, EV 95.0 MPH), Distance : 349 ft
Batting: RHB Benjie Alejandro 0-0: Swinging Strike
0-1: Ball
1-1: Swinging Strike
1-2: Ball
2-2: Strikes out swinging
Batting: RHB Carlos Gonzalez 0-0: Ground out 6-3 (Groundball, 6, EV 105.0 MPH)
Top of the 2nd over - 1 run, 1 hit, 0 errors, 0 left on base; Roswell 1 - Portland 0
BOTTOM OF THE 2ND
Portland Angels batting - Pitching for Roswell Invaders : RHP Toshihiro Nagao
Batting: SHB Yuya Hirata 0-0: Ball
1-0: Called Strike
1-1: Ball
2-1: Swinging Strike
2-2: Ball
3-2: Base on Balls
Batting: LHB Kevin Feldman 0-0: DOUBLE (Line Drive, 3D, EV 98.1 MPH)
Yuya Hirata to third
Batting: RHB Arnaud Derosiers 0-0: SINGLE (Groundball, 4MD, EV 108.8 MPH)
Yuya Hirata scores
Kevin Feldman to third
Batting: RHB Mario Martinez 0-0: Ball
1-0: Fly out, F8 (Flyball, 8RD, EV 103.8 MPH)
Runner from 3rd tags up, SCORES, throw by CF
Batting: LHB David Coatney 0-0: Foul Ball, location: 2F
0-1: Ball
1-1: Ball
2-1: Ground out 4-3 (Groundball, 34, EV 106.2 MPH)
Arnaud Derosiers to second
Batting: RHB Fernando Sosa 0-0: Ball
1-0: Called Strike
1-1: Foul Ball, location: 2F
1-2: Foul Ball, location: 2F
1-2: Ground out 6-3 (Groundball, 6S, EV 90.0 MPH)
Bottom of the 2nd over - 2 runs, 2 hits, 0 errors, 1 left on base; Roswell 1 - Portland 2
TOP OF THE 3RD
Roswell Invaders batting - Pitching for Portland Angels : LHP Jon Ray
Batting: LHB Andrew Moore 0-0: Called Strike
0-1: Ball
1-1: Ball
2-1: Fly out, F8 (Flyball, 8RD, EV 93.1 MPH)
Batting: RHB Dave Beerman 0-0: Swinging Strike
0-1: Ball
1-1: Foul Ball, location: 2F
1-2: Ball
2-2: Ball
3-2: Base on Balls
Batting: LHB Angelo Lira 0-0: Called Strike
0-1: Ball
1-1: Ball
2-1: Foul Ball, location: 2F
2-2: Fly out, F5 (Popup, 25F, EV 88.1 MPH)
Batting: LHB Falco van Koeveringe 0-0: Ball
1-0: 2-RUN HOME RUN (Flyball, 89XD, EV 102.5 MPH), Distance : 401 ft
Batting: LHB Ivan Cortez 0-0: Called Strike
0-1: Foul Ball, location: 2F
0-2: Ball
1-2: Foul Ball, location: 2F
1-2: Strikes out swinging
Top of the 3rd over - 2 runs, 1 hit, 0 errors, 0 left on base; Roswell 3 - Portland 2
BOTTOM OF THE 3RD
Portland Angels batting - Pitching for Roswell Invaders : RHP Toshihiro Nagao
Batting: RHB Dan Contreras 0-0: Called Strike
0-1: Foul Ball, location: 2F
0-2: Ground out 5-3 (Groundball, 56S, EV 83.8 MPH)
Batting: LHB Ramon Garduno 0-0: Ball
1-0: Ground out U3 (Groundball, 34, EV 87.5 MPH)
Batting: RHB Alex Rosaly 0-0: Called Strike
0-1: Foul Ball, location: 2F
0-2: Ball
1-2: Strikes out looking
Bottom of the 3rd over - 0 runs, 0 hits, 0 errors, 0 left on base; Roswell 3 - Portland 2
TOP OF THE 4TH
Roswell Invaders batting - Pitching for Portland Angels : LHP Jon Ray
Batting: RHB Homer Petropoulos 0-0: Ball
1-0: Called Strike
1-1: Ball
2-1: Fly out, F7 (Flyball, 7, EV 84.4 MPH)
Batting: RHB Hidemitsu Matsuno 0-0: Ball
1-0: Ball
2-0: Ball
3-0: Base on Balls
Batting: RHB Benjie Alejandro 0-0: Ball
1-0: Foul Ball, location: 2F
1-1: Foul Ball, location: 2F
1-2: Strikes out swinging
Batting: RHB Carlos Gonzalez 0-0: SINGLE (Groundball, 6MD, EV 104.4 MPH) (infield hit)
Hidemitsu Matsuno to second
Batting: LHB Andrew Moore 0-0: Fielders Choice at 2nd, 5-4 (Groundball, 5, EV 101.9 MPH)
Top of the 4th over - 0 runs, 1 hit, 0 errors, 2 left on base; Roswell 3 - Portland 2
BOTTOM OF THE 4TH
Portland Angels batting - Pitching for Roswell Invaders : RHP Toshihiro Nagao
Batting: SHB Yuya Hirata 0-0: Ball
1-0: Ball
2-0: Ball
3-0: Called Strike
3-1: Swinging Strike
3-2: Strikes out swinging
Batting: LHB Kevin Feldman 0-0: Ground out 4-3 (Groundball, 34D, EV 109.4 MPH)
Batting: RHB Arnaud Derosiers 0-0: Ball
1-0: Ball
2-0: Ground out U3 (Groundball, 3, EV 105.6 MPH)
Bottom of the 4th over - 0 runs, 0 hits, 0 errors, 0 left on base; Roswell 3 - Portland 2
TOP OF THE 5TH
Roswell Invaders batting - Pitching for Portland Angels : LHP Jon Ray
Batting: RHB Dave Beerman 0-0: Called Strike
0-1: Foul Ball, location: 2F
0-2: Fly out, F7 (Flyball, 78S, EV 88.1 MPH)
Batting: LHB Angelo Lira 0-0: Called Strike
0-1: Reached on error, E4 (Groundball, 4D, EV 107.5 MPH)
Batting: LHB Falco van Koeveringe 0-0: Ball
1-0: Reached on error, E6 (Groundball, 6, EV 83.1 MPH)
Angelo Lira scores
Batting: LHB Ivan Cortez 0-0: Ball
1-0: Swinging Strike
1-1: Foul Ball, location: 2F
1-2: Ball
2-2: Ball
3-2: Foul Ball, location: 2F
3-2: Base on Balls
Batting: RHB Homer Petropoulos 0-0: Ball
1-0: Ball
2-0: Ball
3-0: Base on Balls
Falco van Koeveringe to third
Ivan Cortez to second
Batting: RHB Hidemitsu Matsuno 0-0: Ball
1-0: Ball
2-0: Fly out, F8 (Line Drive, 8LM, EV 98.8 MPH)
Runner from 3rd tags up, SCORES, throw by CF
Ivan Cortez to third
Batting: RHB Benjie Alejandro 0-0: Called Strike
0-1: Swinging Strike
0-2: SINGLE (Groundball, 56D, EV 97.5 MPH)
Ivan Cortez scores
Homer Petropoulos to second
Pitching: RHP Hector Gonzalez
Batting: RHB Carlos Gonzalez 0-0: Ball
1-0: Ball
2-0: Swinging Strike
2-1: Called Strike
2-2: Ball
3-2: Strikes out swinging
Top of the 5th over - 3 runs, 1 hit, 2 errors, 2 left on base; Roswell 6 - Portland 2
BOTTOM OF THE 5TH
Portland Angels batting - Pitching for Roswell Invaders : RHP Toshihiro Nagao
Batting: RHB Mario Martinez 0-0: Foul Ball, location: 2F
0-1: Foul Ball, location: 2F
0-2: Ball
1-2: Foul Ball, location: 2F
1-2: Ball
2-2: Strikes out swinging
Batting: LHB David Coatney 0-0: Called Strike
0-1: Foul Ball, location: 2F
0-2: Ball
1-2: Ground out 4-3 (Groundball, 34, EV 103.8 MPH)
Batting: RHB Fernando Sosa 0-0: Called Strike
0-1: Ball
1-1: Foul Ball, location: 2F
1-2: Strikes out swinging
Bottom of the 5th over - 0 runs, 0 hits, 0 errors, 0 left on base; Roswell 6 - Portland 2
TOP OF THE 6TH
Roswell Invaders batting - Pitching for Portland Angels : RHP Hector Gonzalez
Batting: LHB Andrew Moore 0-0: Ball
1-0: Ball
2-0: Foul Ball, location: 2F
2-1: Ball
3-1: Fly out, F8 (Flyball, 8LM, EV 90.6 MPH)
Batting: RHB Dave Beerman 0-0: Ball
1-0: Called Strike
1-1: Swinging Strike
1-2: Ball
2-2: Ball
3-2: Foul Ball, location: 2F
3-2: Base on Balls
Batting: LHB Angelo Lira 0-0: Ball
1-0: TRIPLE (Line Drive, 9LD, EV 108.8 MPH)
Dave Beerman scores
Batting: LHB Falco van Koeveringe 0-0: Called Strike
0-1: Ball
1-1: Fly out, F5 (Popup, 5S, EV 74.4 MPH)
Batting: LHB Ivan Cortez 0-0: Ball
Wild Pitch!
Angelo Lira scores
1-0: Ball
2-0: Foul Ball, location: 2F
2-1: Foul Ball, location: 2F
2-2: Ground out 6-3 (Groundball, 6, EV 90.6 MPH)
Top of the 6th over - 2 runs, 1 hit, 0 errors, 0 left on base; Roswell 8 - Portland 2
BOTTOM OF THE 6TH
Portland Angels batting - Pitching for Roswell Invaders : RHP Toshihiro Nagao
Batting: RHB Dan Contreras 0-0: Ball
1-0: Foul Ball, location: 2F
1-1: Reached on error, E9 (Flyball, 9D, EV 86.2 MPH)
Batting: LHB Ramon Garduno 0-0: Called Strike
0-1: Ball
1-1: Ball
2-1: Ball
3-1: Base on Balls
Dan Contreras to second
Batting: RHB Alex Rosaly 0-0: Ball
1-0: Called Strike
1-1: Ball
2-1: Ball
3-1: Base on Balls
Dan Contreras to third
Ramon Garduno to second
Batting: SHB Yuya Hirata 0-0: Ball
1-0: Called Strike
1-1: Swinging Strike
1-2: Strikes out swinging
Batting: LHB Kevin Feldman 0-0: Fielders Choice at 2nd, 5-4 (Groundball, 5, EV 79.4 MPH)
Dan Contreras scores
Ramon Garduno to third
Batting: RHB Arnaud Derosiers 0-0: Ball
1-0: Ball
2-0: Ball
3-0: Called Strike
3-1: Base on Balls
Kevin Feldman to second
Batting: RHB Mario Martinez 0-0: Ball
1-0: Foul Ball, location: 2F
1-1: SINGLE (Flyball, 3D, EV 88.8 MPH)
Ramon Garduno scores
Kevin Feldman to third
Arnaud Derosiers to second
Runner from 3rd tries for Home, SAFE, throw by RF to home
Batting: LHB David Coatney 0-0: Called Strike
0-1: Ball
1-1: Ball
2-1: Fielders Choice at 2nd, 6-4 (Groundball, 6, EV 83.8 MPH)
Bottom of the 6th over - 3 runs, 1 hit, 1 error, 2 left on base; Roswell 8 - Portland 5
TOP OF THE 7TH
Roswell Invaders batting - Pitching for Portland Angels : RHP Hector Gonzalez
Batting: RHB Homer Petropoulos 0-0: Ball
1-0: Ball
2-0: Ball
3-0: Called Strike
3-1: Foul Ball, location: 2F
3-2: Strikes out swinging
Batting: RHB Hidemitsu Matsuno 0-0: Ball
1-0: Foul Ball, location: 2F
1-1: Called Strike
1-2: Strikes out looking
Batting: RHB Benjie Alejandro 0-0: Swinging Strike
0-1: Foul Ball, location: 2F
0-2: Ball
1-2: Strikes out looking
Top of the 7th over - 0 runs, 0 hits, 0 errors, 0 left on base; Roswell 8 - Portland 5
BOTTOM OF THE 7TH
Portland Angels batting - Pitching for Roswell Invaders : RHP Toshihiro Nagao
Batting: RHB Fernando Sosa 0-0: Called Strike
0-1: SINGLE (Line Drive, 9S, EV 105.0 MPH)
Batting: RHB Dan Contreras 0-0: Ball
1-0: Called Strike
Fernando Sosa steals 2nd base
1-1: Foul Ball, location: 2F
1-2: DOUBLE (Line Drive, 78D, EV 110.0 MPH)
Fernando Sosa scores
Pitching: LHP Jeff Haight
Batting: LHB Ramon Garduno 0-0: Ball
1-0: Called Strike
1-1: Called Strike
1-2: Ball
2-2: Strikes out swinging
Pitching: RHP D.J. Bryant
Batting: RHB Alex Rosaly 0-0: Called Strike
0-1: Foul Ball, location: 2F
0-2: Ground out 5-3 (Groundball, 56S, EV 90.6 MPH)
Batting: SHB Yuya Hirata 0-0: Ball
1-0: Ball
2-0: Called Strike
2-1: Ball
3-1: Swinging Strike
3-2: Base on Balls
Batting: LHB Kevin Feldman 0-0: Ball
1-0: Foul Ball, location: 2F
1-1: Foul Ball, location: 2F
1-2: Strikes out swinging
Bottom of the 7th over - 1 run, 2 hits, 0 errors, 2 left on base; Roswell 8 - Portland 6
TOP OF THE 8TH
Roswell Invaders batting - Pitching for Portland Angels : RHP Hector Gonzalez
Batting: RHB Carlos Gonzalez 0-0: Ball
1-0: Fly out, F7 (Flyball, 78D, EV 89.4 MPH)
Batting: LHB Andrew Moore 0-0: Swinging Strike
0-1: Ball
1-1: Swinging Strike
1-2: Fly out, F8 (Flyball, 78M, EV 85.6 MPH)
Batting: RHB Dave Beerman 0-0: Ball
1-0: Called Strike
1-1: Foul Ball, location: 2F
1-2: Foul Ball, location: 2F
1-2: Ball
2-2: Strikes out looking
Top of the 8th over - 0 runs, 0 hits, 0 errors, 0 left on base; Roswell 8 - Portland 6
BOTTOM OF THE 8TH
Portland Angels batting - Pitching for Roswell Invaders : RHP D.J. Bryant
Batting: RHB Arnaud Derosiers 0-0: Ball
1-0: Ball
2-0: Hit by Pitch
Batting: RHB Mario Martinez 0-0: Ball
1-0: Called Strike
1-1: Called Strike
1-2: Strikes out swinging
Batting: LHB David Coatney 0-0: Foul Ball, location: 2F
0-1: Swinging Strike
0-2: Foul Ball, location: 2F
0-2: Ball
1-2: Foul Ball, location: 2F
1-2: Ball
2-2: Strikes out swinging
Batting: RHB Fernando Sosa 0-0: Called Strike
0-1: Swinging Strike
0-2: Strikes out looking
Bottom of the 8th over - 0 runs, 0 hits, 0 errors, 1 left on base; Roswell 8 - Portland 6
TOP OF THE 9TH
Roswell Invaders batting - Pitching for Portland Angels : RHP Hector Gonzalez
Batting: LHB Angelo Lira 0-0: Foul Ball, location: 2F
0-1: Called Strike
0-2: SINGLE (Groundball, 34D, EV 101.9 MPH)
Pitching: LHP Kichizo Nakazawa
Batting: LHB Falco van Koeveringe 0-0: Ball
1-0: Called Strike
1-1: Fly out, F9 (Flyball, 9LS, EV 93.8 MPH)
Batting: LHB Ivan Cortez 0-0: Swinging Strike
0-1: Ball
1-1: SINGLE (Line Drive, 9S, EV 103.8 MPH)
Angelo Lira to second
Batting: RHB Homer Petropoulos 0-0: Ball
1-0: Fly out, F8 (Line Drive, 8LD, EV 108.8 MPH)
Batting: RHB Hidemitsu Matsuno 0-0: Ball
1-0: Ball
2-0: Foul Ball, location: 2F
2-1: Swinging Strike
2-2: Ball
3-2: Base on Balls
Angelo Lira to third
Ivan Cortez to second
Batting: RHB Benjie Alejandro 0-0: Ball
1-0: Ball
Passed Ball!
Angelo Lira scores
Ivan Cortez to third
Hidemitsu Matsuno to second
2-0: Called Strike
2-1: Foul Ball, location: 2F
2-2: Strikes out swinging
Top of the 9th over - 1 run, 2 hits, 0 errors, 2 left on base; Roswell 9 - Portland 6
BOTTOM OF THE 9TH
Portland Angels batting - Pitching for Roswell Invaders : RHP D.J. Bryant
Pitching: LHP Bobby Manning
Batting: RHB Dan Contreras 0-0: Foul Ball, location: 2F
0-1: Ball
1-1: Swinging Strike
1-2: Strikes out swinging
Batting: LHB Ramon Garduno 0-0: Ground out 4-3 (Groundball, 4, EV 96.9 MPH)
Batting: RHB Alex Rosaly 0-0: Called Strike
0-1: Called Strike
0-2: Strikes out looking
Bottom of the 9th over - 0 runs, 0 hits, 0 errors, 0 left on base; Roswell 9 - Portland 6
Thursday, December 15th , 2022 - OOTP Baseball 23.9 Build 102